 Dungeon Crawl Stone Soup version 0.28.0-43-g3370ac3207 (webtiles) character file.

Game seed: 16573983659804029451

4 weregamer the Scratcher (level 1, -1/9 HPs)
             Began as a Felid Transmuter on Mar 30, 2022.
             Slain by a giant cockroach (2 damage)
             ... on level 1 of the Dungeon.
             The game lasted 00:01:04 (56 turns).

weregamer the Scratcher (Felid Transmuter)            Turns: 56, Time: 00:01:04

Health: -1/9       AC:  1    Str:  6    XL:     1   Next: 50%
Magic:  3/4        EV: 17    Int: 14    God:
Gold:   0          SH:  0    Dex: 16    Spells: 3/4 levels left
                                        Lives:  0   Deaths: 0

rFire   . . .      SeeInvis +     - Unarmed
rCold   . . .      Faith    .   (shield unavailable)
rNeg    . . .      Spirit   .   (armour unavailable)
rPois   .          Reflect  .   (helmet unavailable)
rElec   .          Harm     .   (cloak unavailable)
rCorr   .          Rampage  .   (gloves unavailable)
Will    .....                   (boots unavailable)
Stlth   ++........              (no amulet)
HPRegen 0.03/turn               (no ring)
MPRegen 0.09/turn               (no ring)

@: appendages (expiring), quick
A: horns 2, very small, claws 1, fangs 3, see invisible, speed 1, shaggy fur 1,
stealthy paws, no weapons or thrown items, no armour, multi-lived
a: End Transformation


You were on level 1 of the Dungeon.
You had temporarily grown beastly horns.
You visited 1 branch of the dungeon, and saw 1 of its levels.

You aren't carrying anything.


   Skills:
 * Level 1.1 Fighting
 * Level 2.8 Dodging
 * Level 0.3 Stealth
 + Level 3.0 Unarmed Combat
 - Level 2.0 Spellcasting
 * Level 2.2 Transmutations


You had 3 spell levels left.
You knew the following spells:

 Your Spells              Type           Power      Damage    Failure   Level
a - Beastly Appendage     Tmut           14%        N/A       10%         1

Your spell library contained the following spells:

 Spells                   Type           Power      Damage    Failure   Level
 Wereblood                Tmut           7%         N/A       14%         2
 Spider Form              Tmut/Pois      4%         N/A       41%         3
 Ice Form                 Ice/Tmut       4%         N/A       83%         4


Dungeon Overview and Level Annotations

Branches:
Dungeon (1/15)

Altars:


Innate Abilities, Weirdness & Mutations

You have temporarily grown beastly horns.
You have sharp claws.
You have razor-sharp teeth.
You have supernaturally acute eyesight. (SInv)
You cover ground quickly. (Speed+)
You are covered in fur. (AC +1)
Your paws help you pounce on unaware monsters.
You are incapable of wielding weapons or throwing items.
You cannot wear armour.
You gain extra lives every three experience levels.


Message History

You scratch the jackal.
The jackal is moderately wounded.
Your transformation is almost over.
The jackal closely misses you. The jackal bites you.
You scratch the jackal.
The jackal is heavily wounded.
The jackal closely misses you.
You closely miss the jackal.
The jackal is heavily wounded.
The jackal bites you.
You are too injured to fight recklessly!
The jackal bites you but does no damage.
The jackal misses you.
You closely miss the jackal. You headbutt the jackal.
You kill the jackal!
Your horns disappear.
Casting: Beastly Appendage (safe; 10% risk of failure)
Confirm with . or Enter, or press ? or * to list all spells.
You grow a pair of large bovine horns.
The jackal completely misses you. x2
You scratch the jackal. Your bite misses the jackal.
The jackal is almost dead.
The jackal completely misses you.
You scratch the jackal.
You kill the jackal!
You barely miss the giant cockroach.
The giant cockroach completely misses you.
You closely miss the giant cockroach.
Your headbutt misses the giant cockroach.
The giant cockroach bites you.
* * * LOW HITPOINT WARNING * * *
The giant cockroach barely misses you.
You scratch the giant cockroach.
The giant cockroach is heavily wounded.
Your transformation is almost over.
The giant cockroach closely misses you.
You barely miss the giant cockroach.
Your headbutt misses the giant cockroach.
The giant cockroach is heavily wounded.
The giant cockroach bites you.
You die...

##.......
#........ . #
#†#### ..
#.#B#.. ...
#.#.#.###...#
#.#.#.......#
###...†.......#
#.....#B#.....#
#.###.#@# ...##
# +<'.#.# ....
#####.. ...
#### .# #


You could see a giant cockroach.

Vanquished Creatures
  3 jackals (D:1)
3 creatures vanquished.

Notes
Turn   | Place    | Note
-------+----------+-------------------------------------------
     0 | D:1      | weregamer the Felid Transmuter began the quest for the Orb.
     0 | D:1      | Reached XP level 1. HP: 9/9 MP: 4/4
    56 | D:1      | Slain by a giant cockroach

Illustrated notes

Levels and vault maps discovered:
D:1:      dpeg_arrival_tiny_c, layout_basic

Action                   || total
-------------------------++-------
Melee: Unarmed           ||    24
       Headbutt          ||     1
       Punch             ||     1
 Cast: Beastly Appendage ||     4
Armor: Skin              ||     2
Dodge: Dodged            ||    26
